 Dungeon Crawl Stone Soup version 0.27-a0-1140-g099f9bb (webtiles) character file.

Game seed: 1003045535727218326

104 Meow the Sneak (level 4, 36/36 HPs)
             Began as a Naga Fire Elementalist on May 9, 2021.
             Quit the game on level 3 of the Dungeon.
             The game lasted 00:04:31 (1707 turns).

Meow the Sneak (Naga Fire Elementalist)             Turns: 1707, Time: 00:04:32

Health: 36/36      AC:  2    Str: 10    XL:     4   Next: 80%
Magic:  8/8        EV: 10    Int: 22    God:
Gold:   99         SH:  0    Dex: 12    Spells: 7/8 levels left

rFire    . . .     SeeInvis +   a - +0 quarterstaff
rCold    . . .     Faith    .   (shield currently unavailable)
rNeg     . . .     Spirit   .   f - +0 robe
rPois    +         Reflect  .   (no helmet)
rElec    .         Harm     .   (no cloak)
rCorr    .         Rampage  .   (no gloves)
Will     .....                  (no barding)
Stlth    +++.......             (no amulet)
HPRegen  0.12/turn              d - +6 ring of intelligence
MPRegen  0.11/turn              (no ring)

@: very slow
A: AC +1, large, see invisible, deformed body, poison resistance, slowness 2,
spit poison 1, naga tail 1
a: Spit Poison


You were on level 3 of the Dungeon.
You visited 1 branch of the dungeon, and saw 3 of its levels.

You collected 99 gold pieces.

Inventory:

Hand Weapons
 a - a +0 quarterstaff (weapon)
 j - a +2 dagger of venom
Missiles
 c - 112 stones
Armour
 f - a +0 robe (worn)
Magical Staves
 m - a staff of earth
Jewellery
 d - a +6 ring of intelligence (left hand)
 h - a ring of flight
Scrolls
 g - a scroll of holy word {unknown}
 l - a scroll of amnesia {unknown}
Potions
 b - a potion of magic
 e - a potion of haste {unknown}
 i - a potion of ambrosia {unknown}
 k - a potion of berserk rage {unknown}


   Skills:
 - Level 1.5 Dodging
 + Level 4.4 Stealth
 + Level 2.8 Spellcasting
 + Level 2.3 Conjurations
 + Level 3.6 Fire Magic


You had 7 spell levels left.
You knew the following spells:

 Your Spells              Type           Power      Damage    Failure   Level
a - Foxfire               Conj/Fire      64%        2x1d7     3%          1

Your spell library contained the following spells:

 Spells                   Type           Power      Damage    Failure   Level
 Conjure Flame            Conj/Fire      16%        6-21      11%         3
 Summon Small Mammal      Summ           12%        N/A       13%         1
 Call Imp                 Summ           3%         N/A       19%         2
 Inner Flame              Hex/Fire       11%        N/A       19%         3
 Call Canine Familiar     Summ           3%         N/A       36%         3
 Confusing Touch          Hex            3%         N/A       36%         3
 Gell's Gravitas          Tloc           1%         N/A       36%         3
 Summon Guardian Golem    Hex/Summ       3%         N/A       36%         3
 Sticky Flame             Conj/Fire      16%        2d4       36%         4
 Fireball                 Conj/Fire      8%         3d6       71%         5
 Petrify                  Tmut/Erth      3%         N/A       77%         4
 Summon Ice Beast         Ice/Summ       3%         N/A       77%         4
 Summon Lightning Spire   Summ/Air       3%         N/A       77%         4
 Metabolic Englaciation   Hex/Ice        1%         N/A       98%         5
 Yara's Violent Unravell  Hex/Tmut       1%         3d3       98%         5


Dungeon Overview and Level Annotations

Branches:
Dungeon (3/15)

Altars:


Innate Abilities, Weirdness & Mutations

Your serpentine skin is tough. (AC +1)
You have supernaturally acute eyesight. (SInv)
Armour fits poorly on your strangely shaped body.
Your system is resistant to poisons. (rPois)
You cover ground very slowly.
You can spit poison.
You have a snake-like lower body.


Message History

The foxfire hits the goblin!
You kill the goblin!
Your foxfire dissipates!
Your foxfire dissipates! x2
A kobold comes into view. It is wielding a +0 dagger.
Found a knobbly glowing staff.
Things that are here:
a +2 dagger of draining; a +0 hunting sling; 15 stones
Casting: Foxfire (safe; 3% risk of failure)
Confirm with . or Enter, or press ? or * to list all spells.
You conjure some foxfire!
Unknown command.
Casting: Foxfire (safe; 3% risk of failure)
Confirm with . or Enter, or press ? or * to list all spells.
You conjure some foxfire!
The kobold shouts!
The foxfire hits the kobold.
You kill the kobold!
Unknown command.
Your foxfire dissipates! x2
Your foxfire dissipates!
You see here a staff of earth.
m - a staff of earth
Things that are here:
a +0 dagger; a kobold corpse
c - 112 stones (gained 15)
Things that are here:
a +2 dagger of draining; a +0 hunting sling Magic restored.
Done exploring.
Done exploring.
Okay, then.
Okay, then.
It was a potion of magic.
Magic courses through your body.
There is a stone staircase leading down here.
You climb downwards.
You hear the sound of rushing water.
There is an entrance to a sewer on this level.
Hurry and find it before the portal rusts away!
Found an emerald potion.
Found a stone staircase leading down.
There is a stone staircase leading up here.
Are you sure you want to abandon this character and quit the game? (Confirm with "yes".)

# ###.
....#####
#......#
#>....<#
#......#
#.....@#
#..........#
#.............
#......#######
......!.#
######..# #..#
##.#


There were no monsters in sight!

Vanquished Creatures
  Jessica (D:2)
  Robin (D:2)
  An adder (D:2)
  A dart slug (D:1)
  5 bats
  8 endoplasms
  2 giant cockroaches
  10 hobgoblins
  2 quokkas
  3 ball pythons
  2 frilled lizards (D:1)
  10 goblins
  A kobold (D:2)
  A rat (D:2)
48 creatures vanquished.

Vanquished Creatures (others)
  91 foxfires
91 creatures vanquished.

Grand Total: 139 creatures vanquished

Notes
Turn   | Place    | Note
-------+----------+-------------------------------------------
     0 | D:1      | Meow the Naga Fire Elementalist began the quest for the
                  | Orb.
     0 | D:1      | Reached XP level 1. HP: 15/15 MP: 3/3
   491 | D:1      | Reached XP level 2. HP: 16/22 MP: 0/5
   852 | D:1      | Reached XP level 3. HP: 28/28 MP: 4/6
  1131 | D:2      | Noticed Jessica
  1136 | D:2      | Killed Jessica
  1137 | D:2      | Reached skill level 4 in Stealth
  1246 | D:2      | Reached XP level 4. HP: 36/36 MP: 4/7
  1532 | D:2      | Noticed Robin
  1541 | D:2      | Killed Robin
  1707 | D:3      | Quit the game

Illustrated notes

Levels and vault maps discovered:
D:1:      tarquinn_simple_flora_water_c, layout_loops_corners
D:2:      layout_basic, minmay_pentomino_p2, uniq_jessica, uniq_robin
D:3:      layout_rooms, xom_butterflies, grunt_temple_overflow_open,
          cheibrodos_sewer_entry_bend, hellmonk_ecumenical_altar_inner_sanctum,
          minmay_checkerbox, uniq_crazy_yiuf_cottage

Skill      XL: |  1  2  3 |
---------------+----------+-----
Stealth        | 4 |  4.4
Conjurations   | 2 |  2.3
Dodging        | |  1.5
Spellcasting   | |  2.8
Fire Magic     | |  3.6

Action                   |  1- 3 |  4- 6 || total
-------------------------+-------+-------++-------
Melee: Club              |     2 |       ||     2
       Quarterstaff      |     2 |     1 ||     3
 Cast: Foxfire           |    26 |    31 ||    57
 Abil: Spit Poison       |    18 |     8 ||    26
  Use: Potion            |       |     1 ||     1
Armor: Robe              |     5 |       ||     5
Dodge: Dodged            |     8 |     3 ||    11

Table legend: (Time is in decaauts)
 A = Elapsed time spent in this place.
 B = Non-inter-level travel time spent in this place.
 C = Inter-level travel time spent in this place.
 D = Time resting spent in this place.
 E = Time spent auto-exploring this place.
 F = Levels seen in this place.
 G = Mean time per level.
                   A        B        C        D        E       F      G
               +--------+--------+--------+--------+--------+-----+--------+
         Total |   2152 |   2105 |     47 |    437 |   1393 |   3 |  717.3 |
       Dungeon |   2152 |   2105 |     47 |    437 |   1393 |   3 |  717.3 |
               +--------+--------+--------+--------+--------+-----+--------+

Top non-repeatable levels by time:
     D:1: 1436 daAuts
     D:2: 711 daAuts
     D:3: 3 daAuts
